 Dungeon Crawl Stone Soup version 0.29-a0-322-g68df515428 (webtiles) character file.

Game seed: 2518427693040106066

118 hellse the Ruffian (level 4, -1/44 HPs)
             Began as a Troll Delver on Apr 5, 2022.
             Killed from afar by Duvessa (10 damage)
             ... with a puff of flame
             ... on level 5 of the Dungeon.
             The game lasted 00:00:54 (127 turns).

hellse the Ruffian (Troll Delver)                    Turns: 127, Time: 00:00:55

Health: -1/44      AC:  4    Str: 28    XL:     4   Next: 72%
Magic:  3/3        EV:  9    Int:  6    God:
Gold:   0          SH:  0    Dex: 11    Spells: 3/3 levels left

rFire   . . .      SeeInvis .     - Unarmed
rCold   . . .      Faith    .   (no shield)
rNeg    . . .      Spirit   .   a - +0 robe
rPois   .          Reflect  .   (helmet restricted)
rElec   .          Harm     .   (no cloak)
rCorr   .          Rampage  .   (gloves unavailable)
Will    .....                   (boots unavailable)
Stlth   ++........              (no amulet)
HPRegen 0.94/turn               g - +6 ring of strength
MPRegen 0.08/turn               (no ring)

@: no status effects
A: large, unfitting armour, claws 3, regeneration 1, shaggy fur 1, tough skin 1
a: no special abilities


You were on level 5 of the Dungeon.
You visited 1 branch of the dungeon, and saw 1 of its levels.

Inventory:

Armour
 a - a +0 robe (worn)
Jewellery
 g - a +6 ring of strength (left claw)
Wands
 f - a wand of digging (3)
Scrolls
 b - a scroll of fog
 d - a scroll of fear
Potions
 e - a potion of haste


   Skills:
 - Level 2.4 Fighting
 - Level 1.5 Dodging
 - Level 2.7 Stealth
 + Level 5.0 Unarmed Combat


You had 3 spell levels left.
You didn't know any spells.
Your spell library was empty.

Dungeon Overview and Level Annotations

Branches:
Dungeon (5/15)
 Temple: D:4-7

Altars:
Cheibriados
Qazlal
Vehumet

Annotations:
D:5 Duvessa


Innate Abilities, Weirdness & Mutations

You are too large for most types of armour.
You have claws for hands.
Your natural rate of healing is unusually fast.
You are covered in fur. (AC +1)
You have tough skin. (AC +1)


Message History

Duvessa says, "When magic and the sword combine, nothing stands against them."
Duvessa zaps a wand.
The puff of flame hits you.
There is a stone staircase leading up here.
Duvessa zaps a wand.
The puff of flame misses you.
Duvessa zaps a wand.
The puff of flame misses you.
Duvessa zaps a wand.
The puff of flame hits you!
You closely miss Duvessa. Duvessa completely misses you.
You scratch Duvessa.
Duvessa is lightly wounded.
Duvessa hits you with a +0 short sword of holy wrath!
You scratch Duvessa but do no damage.
Duvessa is lightly wounded.
Duvessa barely misses you.
You barely miss Duvessa.
Duvessa is lightly wounded.
Duvessa zaps a wand.
The puff of flame hits you!
You closely miss Duvessa.
Duvessa is lightly wounded.
Duvessa hits you with a +0 short sword of holy wrath.
* * * LOW HITPOINT WARNING * * *
You completely miss Duvessa.
Duvessa is lightly wounded.
Duvessa misses you.
You claw Duvessa!
Duvessa is moderately wounded.
Duvessa hits you with a +0 short sword of holy wrath.
* * * LOW HITPOINT WARNING * * *
You scratch Duvessa.
Duvessa is moderately wounded.
Duvessa hits you with a +0 short sword of holy wrath.
* * * LOW HITPOINT WARNING * * *
You barely miss Duvessa.
Duvessa is moderately wounded.
You claw Duvessa!
Duvessa is almost dead.
Duvessa closely misses you.
You barely miss Duvessa.
Duvessa is almost dead.
Duvessa zaps a wand.
The puff of flame hits you!
You die...

**,,,,,,,*#.........:.....#,#..,
**,,,,,**#...............#....,
*******##.........$.....#..#,*
#...................#.*
#.....................*
#......................
#.................#.#.#
#.................#.#.. **#**
#.....@e............#.#
**,..#####...<.##.).........##..
**,,.....#......###........#.##..
*,,***#.........###..........##..
,,** ####.......##..........###..
,****#8###..#.####.....†....###†.
,*,,,#_≈≈##...# #...>.........>.
,,,,*#..≈≈##..# #...........##..
,,***#...≈≈#).# #...........##..


You could see Duvessa.

Vanquished Creatures
  An ice beast (D:5)
  An iguana (D:5)
  An orc (D:5)
  A quokka (D:5)
4 creatures vanquished.

Notes
Turn   | Place    | Note
-------+----------+-------------------------------------------
     0 | D:5      | hellse the Troll Delver began the quest for the Orb.
     0 | D:5      | Reached XP level 1. HP: 22/22 MP: 0/0
    17 | D:5      | Noticed an iguana
    24 | D:5      | HP: 1/22 [iguana (10)]
    25 | D:5      | Killed an iguana
    26 | D:5      | Reached skill level 3 in Unarmed Combat
    26 | D:5      | Reached XP level 2. HP: 2/29 MP: 1/1
    53 | D:5      | Noticed an ice beast
    67 | D:5      | Killed an ice beast
    68 | D:5      | Reached skill level 5 in Unarmed Combat
    68 | D:5      | Reached XP level 3. HP: 36/36 MP: 2/2
    68 | D:5      | Reached XP level 4. HP: 44/44 MP: 3/3
    82 | D:5      | Found a stormy altar of Qazlal.
    82 | D:5      | Found a radiant altar of Vehumet.
    82 | D:5      | Found a snail-covered altar of Cheibriados.
    99 | D:5      | Noticed Duvessa
   127 | D:5      | Killed from afar by Duvessa

Illustrated notes

Levels and vault maps discovered:
D:5:      layout_rooms, gammafunk_temple_overflow_claw,
          nicolae_ossuary_entry_ruins, palyth_stone_intersect,
          kennysheep_generic_room_10, uniq_duvessa

Skill      XL: |  1  2 |
---------------+-------+-----
Unarmed Combat | 3 5 |  5.0
Fighting       | |  2.4
Dodging        | |  1.5
Stealth        | |  2.7

Action                   |  1- 3 |  4- 6 || total
-------------------------+-------+-------++-------
Melee: Unarmed           |    11 |    12 ||    23
  Use: Scroll            |     1 |       ||     1
Armor: Robe              |     1 |       ||     1
Dodge: Dodged            |     3 |     7 ||    10

Table legend: (Time is in decaauts)
 A = Elapsed time spent in this place.
 B = Non-inter-level travel time spent in this place.
 C = Inter-level travel time spent in this place.
 D = Time resting spent in this place.
 E = Time spent auto-exploring this place.
 F = Levels seen in this place.
 G = Mean time per level.
                   A        B        C        D        E       F      G
               +--------+--------+--------+--------+--------+-----+--------+
         Total |    124 |    124 |      0 |     23 |      0 |   1 |  124.0 |
       Dungeon |    124 |    124 |      0 |     23 |      0 |   1 |  124.0 |
               +--------+--------+--------+--------+--------+-----+--------+

Top non-repeatable levels by time:
     D:5: 124 daAuts
